Map: Королевская бухта РВ

Players

DeusVult - Winner!

  • Race: Protoss Protoss
  • Spawn Location: 5:00

ИИ 1 (эксперт)

  • Race: Protoss Protoss
  • Spawn Location: 11:00

VOD

Have the link to the VOD?

Description

Time

  • Played on: Sept. 13, 2020, 9:48 a.m.
  • Length: 6:28
Show
View Real Time Build Order
Export as new Build Order

DeusVult Protoss - Winner!

Build Orders:  

Get SALT Encoding   

  12  0:00  Probe  
  13  0:12  Probe  
  14  0:18  Pylon  
  14  0:26  Probe (Chrono Boost)  
  15  0:38  Gateway, Probe (Chrono Boost)  
  16  0:43  Probe (Chrono Boost)  
  16  0:46  Assimilator  
  17  0:53  Probe  
  17  0:55  Assimilator  
  18  1:05  Probe (Chrono Boost)  
  19  1:12  Gateway  
  19  1:16  Probe (Chrono Boost)  
  20  1:21  Probe (Chrono Boost)  
  21  1:28  Cybernetics Core  
  21  1:32  Probe  
  22  1:42  Pylon  
  22  1:45  Probe  
  23  2:04  Stalker x2  
  27  2:11  Robotics Facility  
  27  2:14  Warp Gate  
  27  2:28  Pylon  
  27  2:35  Stalker, Sentry  
  31  2:50  Shield Battery  
  31  2:55  Immortal (Chrono Boost)  
  35  3:08  Pylon  
  35  3:24  Warp Prism (Chrono Boost)  
  37  3:32  Gateway  
  41  3:55  Immortal  
  41  4:05  Stalker x2  
  45  4:18  Robotics Bay  
  45  4:44  Adept x2  
  47  4:46  Pylon  
  47  4:48  Pylon  
  47  5:19  Disruptor (Chrono Boost)  
  47  5:24  Adept x3  
  56  5:33  Pylon  
  56  5:48  Disruptor  
  59  5:55  Adept x3  
  65  6:15  Stalker  
  65  6:16  Stalker x2  
Show
View Real Time Build Order
Export as new Build Order

ИИ 1 (эксперт) Protoss 

Build Orders:  

Get SALT Encoding   

  12  0:00  Probe  
  13  0:13  Probe  
  14  0:21  Pylon  
  14  0:25  Probe  
  15  0:35  Probe  
  16  0:43  Probe  
  16  0:49  Assimilator  
  17  0:52  Gateway  
  17  0:53  Probe  
  18  1:01  Pylon, Probe  
  18  1:09  Probe  
  20  1:20  Probe  
  21  1:39  Gateway  
  21  1:41  Probe, Zealot  
  21  1:44  Cybernetics Core  
  24  1:51  Pylon  
  24  1:53  Probe  
  25  1:59  Zealot  
  25  2:05  Assimilator  
  27  2:11  Probe  
  28  2:22  Warp Gate  
  28  2:23  Probe  
  28  2:25  Adept  
  28  2:26  Adept  
  32  2:38  Robotics Facility  
  32  2:39  Probe  
  34  2:51  Probe  
  34  2:55  Adept  
  34  2:56  Adept  
  38  3:02  Probe  
  38  3:05  Pylon  
  39  3:26  Adept, Sentry  
  43  3:30  Immortal  
  47  3:37  Pylon  
  43  3:52  Zealot  
  43  3:53  Zealot  
  34  4:23  Twilight Council  
  33  4:25  Adept  
  33  4:27  Stalker  
  35  4:41  Adept  
  31  4:50  Zealot  
  32  5:01  Adept  
  32  5:03  Templar Archives  
  34  5:10  Zealot  
  34  5:13  Probe  
  35  5:20  Pylon  
  35  5:26  Probe  
  36  5:38  Probe  
  36  5:40  High Templar  
  39  5:44  Gateway, High Templar  
  41  5:51  Pylon  
  33  6:12  Zealot  
  33  6:16  High Templar  
Tags
 
Add a new tag
Caveats
  • Supply blocks, unpowered buildings, or Contaminate may cause inaccurate times.
  • Supply counts are checked every 10 seconds.